 Dungeon Crawl Stone Soup version 0.29.1-15-g9cfb28693d (webtiles) character file.

Game seed: 9864433114983109225

35 protoss039 the Digger (level 3, 26/26 HPs)
             Began as a Demonspawn Earth Elementalist on Mar 13, 2023.
             Got out of the dungeon alive.
             The game lasted 00:00:54 (874 turns).

protoss039 the Digger (DsEE)                         Turns: 874, Time: 00:00:55

Health: 26/26      AC:  5    Str:  8    XL:     3   Next: 17%
Magic:  6/6        EV: 10    Int: 20    God:
Gold:   49         SH:  0    Dex: 13    Spells: 5/6 levels left

rFire   . . .      SeeInvis .   k - +2 dagger (venom)
rCold   . . .      Faith    .   (no shield)
rNeg    . . .      Spirit   .   j - +0 ring mail
rPois   .          Reflect  .   (helmet restricted)
rElec   .          Harm     .   (no cloak)
rCorr   .          Rampage  .   (no gloves)
Will    .....                   (no boots)
Stlth   +.........              (no amulet)
HPRegen 0.08/turn               (no ring)
MPRegen 0.10/turn               (no ring)

@: no status effects
A: antennae 1, big brain 1
a: no special abilities


You escaped.
You visited 1 branch of the dungeon, and saw 1 of its levels.

You collected 49 gold pieces.

Inventory:

Hand Weapons
 k - a +2 dagger of venom (weapon)
Armour
 j - a +0 ring mail (worn)
Scrolls
 a - 2 scrolls of blinking {unknown}
 f - a scroll of identify {unknown}
 h - a scroll of magic mapping {unknown}
 i - a scroll of noise {unknown}
Potions
 b - a potion of magic
 c - a potion of mutation {unknown}
 e - a potion of might {unknown}
 g - 2 potions of lignification {unknown}


   Skills:
 + Level 1.3 Fighting
 * Level 0.8 Armour
 - Level 1.7 Dodging
 - Level 1.7 Stealth
 + Level 2.4 Spellcasting
 - Level 0.8 Transmutations
 + Level 3.0 Earth Magic


You had 5 spell levels left.
You knew the following spells:

 Your Spells              Type           Power      Damage    Failure   Level
a - Sandblast             Erth           28%        2d8       13%         1

Your spell library contained the following spells:

 Spells                   Type           Power      Damage    Failure   Level
 Passwall                 Tmut/Erth      8%         N/A       32%         2
 Stone Arrow              Conj/Erth      16%        3d8       58%         3
 Ignite Poison            Fire/Tmut/Pois 3%         N/A       77%         3
 Mephitic Cloud           Conj/Pois/Air  2%         N/A       80%         3
 Petrify                  Tmut/Erth      10%        N/A       91%         4
 Freezing Cloud           Conj/Ice/Air   1%         6-21      100%        5


Dungeon Overview and Level Annotations

Branches:
Dungeon (1/15) Zot: 5115

Altars:


Innate Abilities, Weirdness & Mutations

You have a pair of small antennae on your head.
You have an unusually large brain. (Int +2)


Message History

You completely miss the endoplasm. The endoplasm closely misses you.
You hit the endoplasm.
The endoplasm is severely wounded.
The endoplasm hits you but does no damage.
You hit the endoplasm.
The endoplasm is almost dead.
The endoplasm barely misses you.
You hit the endoplasm.
You kill the endoplasm!
No target in view!
No target in view!
No target in view!
No target in view!
No target in view!
No target in view!
No target in view!
No target in view!
Unknown command.
Items here: )) ††††.
Found a stone staircase leading down.
Found a stone staircase leading down.
g - 2 fizzy purple potions (gained 1)
Found 6 boomerangs.
You now have 49 gold pieces (gained 15).
You see here 6 boomerangs.
There is a stone staircase leading down here.
Found a dagger.
You see here a +0 dagger.
You see here a +0 dagger.
Done exploring.
Done exploring.
No target in view!
Done exploring.
Done exploring.
No target in view!
Search for what [? for help]? .
There is an open door here.
There is a staircase leading out of the dungeon here.
Are you sure you want to leave the Dungeon?
This will make you lose the game!
You have escaped!

#..## #.##...†....#...
#...#### #.#####..####...
#.#....# #####.# #..# #...
.†####.# ##.....#####.##
#... .## #.####
#........##..# #... .#
#.##.###.+++'++.#.[.# #...
.# #..#..##.+....+.#.#.#
##.# .#
##....##.+....+.#.#.# ####.#
.# ##...##.'.@..+.#...#
#....# .#
##.....+....+....## #....#
.# #.#.#.++'+++#...####....#
.# #.#.....................#
.##
#....#....##...#####.....
..# #####.#...#.###..##
#..... #.##
#.........#.#...## #....#
#..#
#.............#.#######....#
##.#
#........#.................#


There were no monsters in sight!

Vanquished Creatures
  5 endoplasms (D:1)
  2 giant cockroaches (D:1)
  6 goblins (D:1)
  2 hobgoblins (D:1)
  3 jackals (D:1)
  3 quokkas (D:1)
  2 ball pythons (D:1)
  3 bats (D:1)
  2 frilled lizards (D:1)
  A kobold (D:1)
29 creatures vanquished.

Notes
Turn   | Place    | Note
-------+----------+-------------------------------------------
     0 | D:1      | protoss039 the Demonspawn Earth Elementalist began the
                  | quest for the Orb.
     0 | D:1      | Reached XP level 1. HP: 13/13 MP: 3/3
   290 | D:1      | Gained mutation: You have an unusually large brain. (Int
                  | +2) [demonic ancestry]
   290 | D:1      | Reached XP level 2. HP: 16/20 MP: 0/5
   404 | D:1      | Reached skill level 1 in Fighting
   476 | D:1      | Reached skill level 3 in Earth Magic
   740 | D:1      | Gained mutation: You have a pair of small antennae on your
                  | head. [demonic ancestry]
   740 | D:1      | Reached XP level 3. HP: 26/26 MP: 3/6
   874 | D:$      | Got out of the dungeon alive.

Illustrated notes

Levels and vault maps discovered:
D:1:      lightli_arrival_maybe_door_vault, layout_rooms

Skill      XL: |  1  2 |
---------------+-------+-----
Fighting       | 1 |  1.3
Earth Magic    | 3 |  3.0
Armour         | |  0.8
Dodging        | |  1.7
Stealth        | |  1.7
Spellcasting   | |  2.4
Transmutations | |  0.8

Action                   || total
-------------------------++-------
Melee: Dagger            ||    41
 Cast: Sandblast         ||    24
Armor: Robe              ||     5
       Ring mail         ||    15
Dodge: Dodged            ||    28
